 Dungeon Crawl Stone Soup version 0.28-a0-1199-gef9e1dbd39 (webtiles) character file.

Game seed: 4590204287220717321

37 ChaosChampion the Ruffian (level 3, 0/43 HPs)
             Began as a Draconian Transmuter on Dec 19, 2021.
             Succumbed to an adder's poison
             ... on level 2 of the Dungeon.
             The game lasted 00:01:27 (1794 turns).

ChaosChampion the Ruffian (Draconian Transmuter)    Turns: 1794, Time: 00:01:27

Health: 0/43       AC:  5    Str: 12    XL:     3   Next: 21%
Magic:  6/6        EV: 12    Int: 15    God:
Gold:   84         SH:  0    Dex: 11    Spells: 3/6 levels left

rFire   . . .      SeeInvis .     - Unarmed
rCold   . . .      Faith    .   (no shield)
rNeg    . . .      Spirit   .   (armour unavailable)
rPois   .          Reflect  .   (helmet restricted)
rElec   .          Harm     .   (no cloak)
rCorr   .          Rampage  .   (no gloves)
Will    .....                   (no boots)
Stlth   ..........              (no amulet)
HPRegen 0.14/turn               (no ring)
MPRegen 0.10/turn               (no ring)

@: berserking, lethally poisoned (0 -> -1), slow
A: AC +5, unfitting armour, cold-blooded
a: no special abilities


You were on level 2 of the Dungeon.
You visited 1 branch of the dungeon, and saw 2 of its levels.

You collected 84 gold pieces.

Inventory:

Jewellery
 e - a ring of fire
Scrolls
 a - a scroll of enchant weapon {unknown}
Potions
 b - 2 potions of resistance {unknown}
 c - 2 potions of berserk rage
 d - a potion of flight {unknown}
 f - a potion of haste {unknown}
 g - 2 potions of heal wounds {unknown}


   Skills:
 + Level 2.0 Fighting
 + Level 2.2 Dodging
 * Level 3.7 Unarmed Combat
 - Level 2.0 Spellcasting
 - Level 2.0 Transmutations


You had 3 spell levels left.
You knew the following spells:

 Your Spells              Type           Power      Damage    Failure   Level
a - Beastly Appendage     Tmut           14%        N/A       10%         1
b - Wereblood             Tmut           7%         N/A       14%         2

Your spell library contained the following spells:

 Spells                   Type           Power      Damage    Failure   Level
 Foxfire                  Conj/Fire      4%         2x1d4     22%         1
 Spider Form              Tmut/Pois      4%         N/A       41%         3
 Conjure Flame            Conj/Fire      1%         6-21      54%         3
 Inner Flame              Hex/Fire       1%         N/A       54%         3
 Ice Form                 Ice/Tmut       4%         N/A       82%         4
 Flame Wave               Conj/Fire      1%         2d4       91%         4


Dungeon Overview and Level Annotations

Branches:
Dungeon (2/15)

Altars:


Innate Abilities, Weirdness & Mutations

Your plain brown scales are hard. (AC +5)
You cannot fit into any form of body armour.
You are cold-blooded and may be slowed by cold attacks.


Message History

Your unstable footing causes you to fumble your attack.
The adder bites you.
Casting: Beastly Appendage (safe; 10% risk of failure)
Confirm with . or Enter, or press ? or * to list all spells.
You grow a pair of large bovine horns.
Your feet morph into talons.
The adder closely misses you. The adder bites you but does no damage.
Your unstable footing causes you to fumble your attack.
Your transformation is almost over.
The adder misses you.
You hit the adder but do no damage. Your kick misses the adder.
The adder closely misses you.
You barely miss the adder. You headbutt the adder.
The adder is moderately wounded.
The adder bites you.
Your unstable footing causes you to fumble your attack.
The adder bites you but does no damage.
You miss the adder.
The adder is moderately wounded.
The adder bites you.
You are poisoned.
The adder poisons you! The adder bites you.
* * * LOW HITPOINT WARNING * * *
* * * LOW HITPOINT WARNING * * *
You feel very sick. The adder closely misses you.
* * * LOW HITPOINT WARNING * * *
You feel sick. The adder barely misses you. The adder closely misses you.
* * * LOW HITPOINT WARNING * * *
You feel sick. The adder bites you but does no damage.
It was a potion of berserk rage.
A red film seems to cover your vision as you go berserk!
You feel yourself moving faster!
You feel mighty!
* * * LOW HITPOINT WARNING * * *
You feel sick. The adder bites you but does no damage.
You are too berserk!
You enter the shallow water.
Moving in this stuff is going to be slow.
You feel a strong urge to attack something.
Your horns disappear.
Your talons disappear.
You die...

+..............
####......#>... #.#
#......#.... #.# #..[†.......
.. #.# ###### #......#.### #.#
#.###....############.# # #.#
#.##.....≈≈≈≈♣#######.###
##.#+#....≈♣.♣P≈≈≈≈≈.......#..
#........♣P≈.@≈≈≈≈≈≈♣#######..
+.......≈≈≈≈.≈≈≈≈P≈≈≈♣ #..
####......♣♣≈PS.≈≈P≈≈≈≈♣# #.♣
+........♣♣≈≈≈≈.≈≈≈≈P≈♣# #.♣
###.....♣♣♣≈≈≈≈.≈≈≈≈≈≈≈# #.♣
#.....♣♣≈≈≈≈≈.≈≈≈♣♣♣P# #..
#†###♣♣♣≈≈≈P≈.≈P≈♣ ## ###..
#.# ♣≈≈≈≈≈≈≈.≈≈♣♣ #.... #.#
♣≈≈≈≈≈≈≈.≈≈♣ ♣## #....


You could see an adder.

Vanquished Creatures
  An adder (D:2)
  A dart slug (D:2)
  3 ball pythons (D:1)
  5 endoplasms
  2 giant cockroaches
  2 hobgoblins (D:1)
  2 kobolds
  A quokka (D:2)
  4 bats
  A goblin (D:1)
  A quokka skeleton (D:2)
  A rat (D:2)
24 creatures vanquished.

Vanquished Creatures (others)
  17 plants
17 creatures vanquished.

Grand Total: 41 creatures vanquished

Notes
Turn   | Place    | Note
-------+----------+-------------------------------------------
     0 | D:1      | ChaosChampion the Draconian Transmuter began the quest for
                  | the Orb.
     0 | D:1      | Reached XP level 1. HP: 16/16 MP: 3/3
   796 | D:1      | Reached XP level 2. HP: 23/23 MP: 3/5
   818 | D:1      | Learned a level 2 spell: Wereblood
  1428 | D:2      | Found a faded altar of an unknown god.
  1494 | D:2      | Reached XP level 3. HP: 29/29 MP: 3/6
  1792 | D:2      | HP: 1/29 [poisoned by an adder]
  1794 | D:2      | Succumbed to an adder's poison

Illustrated notes

Levels and vault maps discovered:
D:1:      dpeg_arrival_simpleton_b, layout_basic, serial_bayou_ford_a
D:2:      layout_basic, shapermc_ecumenical_altar_pompeii, serial_bayou,
          serial_bayou_lagoon_a, serial_bayou_lagoon_b, serial_bayou_shore_a,
          serial_bayou_lake_a, serial_bayou_shore_b, uniq_terence

Skill      XL: |  1  2  3 |
---------------+----------+-----
Dodging        | 2 |  2.2
Fighting       | 2 |  2.0
Unarmed Combat | |  3.7
Spellcasting   | |  2.0
Transmutations | |  2.0

Action                   || total
-------------------------++-------
Melee: Unarmed           ||    91
       Kick              ||    14
       Headbutt          ||    11
       Tailslap          ||     5
       Punch             ||     1
 Cast: Beastly Appendage ||    21
       Wereblood         ||     2
  Use: Potion            ||     1
 Stab: Sleeping          ||     2
Armor: Skin              ||    28
Dodge: Dodged            ||    61

Table legend: (Time is in decaauts)
 A = Elapsed time spent in this place.
 B = Non-inter-level travel time spent in this place.
 C = Inter-level travel time spent in this place.
 D = Time resting spent in this place.
 E = Time spent auto-exploring this place.
 F = Levels seen in this place.
 G = Mean time per level.
                   A        B        C        D        E       F      G
               +--------+--------+--------+--------+--------+-----+--------+
         Total |   1855 |   1826 |     29 |      0 |   1582 |   2 |  927.5 |
       Dungeon |   1855 |   1826 |     29 |      0 |   1582 |   2 |  927.5 |
               +--------+--------+--------+--------+--------+-----+--------+

Top non-repeatable levels by time:
     D:1: 996 daAuts
     D:2: 859 daAuts
